 Dungeon Crawl Stone Soup version 0.23-a0-375-g66a18ee (webtiles) character file.

35 BingusPrime the Chucker (level 3, 36/36 HPs)
             Began as an Ogre Hunter on Oct 26, 2018.
             Quit the game on level 1 of the Dungeon.
             The game lasted 00:02:22 (979 turns).

BingusPrime the Chucker (Ogre Hunter)                Turns: 979, Time: 00:02:22

Health: 36/36      AC:  3    Str: 16    XL:     3   Next: 35%
Magic:  3/3        EV: 10    Int: 12    God:
Gold:   50         SH:  0    Dex: 10    Spells: 2/2 levels left

rFire    . . .     SeeInvis .   a - +0 short sword
rCold    . . .     Gourm    .   (no shield)
rNeg     . . .     Faith    .   b - +0 robe
rPois    .         Spirit   .   (helmet restricted)
rElec    .         Reflect  .   (no cloak)
rCorr    .         Harm     .   (gloves unavailable)
MR       .....                  (boots unavailable)
Stlth    +.........             (no amulet)
HPRegen  0.12/turn              (no ring)
MPRegen  0.08/turn              (no ring)

@: no status effects
A: large, unfitting armour, tough skin 1
a: no special abilities


You were on level 1 of the Dungeon.
You were not hungry.

You visited 1 branch of the dungeon, and saw 1 of its levels.

You collected 50 gold pieces.

Inventory:

Hand Weapons
 a - a +0 short sword (weapon)
Missiles
 c - 2 large rocks (quivered)
 k - 53 stones
Armour
 b - a +0 robe (worn)
Scrolls
 d - a scroll of enchant weapon {unknown}
 e - a scroll of amnesia {unknown}
 g - a scroll of blinking {unknown}
 i - a scroll of teleportation {unknown}
 j - 4 scrolls of noise {unknown}
 l - 2 scrolls of remove curse {unknown}
Potions
 h - a potion of flight {unknown}
Comestibles
 f - 4 rations


   Skills:
 + Level 2.9 Fighting
 + Level 0.3 Short Blades
 + Level 4.6 Throwing
 + Level 2.2 Dodging
 + Level 0.9 Stealth


You had 2 spell levels left.
You didn't know any spells.
Your spell library was empty.

Dungeon Overview and Level Annotations

Branches:
Dungeon (1/15)

Altars:


Innate Abilities, Weirdness & Mutations

You are too large for most types of armour.
You have tough skin. (AC +1)


Message History

There is an open door, spattered with blood here.
There is an open door here.
You see here a rat skeleton.
You see here a kobold skeleton.
There is an open door here.
Done exploring.
Done exploring.
You see here a bat skeleton.
There is an open door here.
You see here a kobold skeleton.
You see here a rat skeleton.
There is an open door here.
There is an open door, spattered with blood here.
There is an open door here.
There is an open door here.
There is an escape hatch in the floor here.
There is a stone staircase leading down here.
Quiver which item? (- for none, * to show all) (? for menu, Esc to quit)
Okay, then.
Are you sure you want to abandon this character and quit the game? (Confirm

#.#.# #..
#.#.# #..
#)#.# #..
#...# ###
##..# #..
##..## #..
#....#
#######..
#....#
#........
#..@.#
#........
#....#
#.......#
#....#
#.......#
#....#
#.......#
####....#
#########
#..'....# #
#)##....# #
#.####### #
#.#
############
#


There were no monsters in sight!

Vanquished Creatures
  A leopard gecko (D:1)
  2 ball pythons (D:1)
  8 bats (D:1)
  3 goblins (D:1)
  2 hobgoblins (D:1)
  6 jackals (D:1)
  2 frilled lizards (D:1)
  5 kobolds (D:1)
  3 rats (D:1)
32 creatures vanquished.

Vanquished Creatures (others)
  4 toadstools (D:1)
4 creatures vanquished.

Grand Total: 36 creatures vanquished

Notes
Turn   | Place    | Note
-------+----------+-------------------------------------------
     0 | D:1      | BingusPrime the Ogre Hunter began the quest for the Orb.
     0 | D:1      | Reached XP level 1. HP: 22/22 MP: 1/1
    57 | D:1      | Reached XP level 2. HP: 20/29 MP: 2/2
   597 | D:1      | Reached XP level 3. HP: 36/36 MP: 3/3
   979 | D:1      | Quit the game

Vault maps used:
D:1:      ldierk_walled_garden_2, minmay_tromino_v7

Skill      XL: |  1  2 |
---------------+-------+-----
Dodging        | 2 |  2.2
Fighting       | |  2.9
Short Blades   | |  0.3
Throwing       | |  4.6
Stealth        | |  0.9

Action                   || total
-------------------------++-------
Melee: Short sword       ||    93
Throw: Large rock        ||    27
       Throwing net      ||     2
       Stone             ||     1
 Stab: Sleeping          ||     1
Armor: Robe              ||    45
Dodge: Dodged            ||    75

Table legend:
 A = Non-vault XP
 B = Vault XP
 C = Vault XP percentage of total XP
 D = Non-vault monster count
 E = Vault monster count
 F = Vault count percentage of total count
                 A         B        C        D         E       F
            +---------+---------+-------+---------+---------+-------
      Total |      45 |       6 |  11.8 |      29 |       3 |   9.4
            +---------+---------+-------+---------+---------+-------
        D:1 |      45 |       6 |  11.8 |      29 |       3 |   9.4
            +---------+---------+-------+---------+---------+-------
